Map: Site Delta LE

Players

elrttu - Winner!

  • Race: Terran Terran
  • League: Diamond
  • Spawn Location: 5:00

VOD

Have the link to the VOD?

Description

TvX 2/1/1

Time

  • Played on: Jan. 21, 2024, 6:43 p.m.
  • Length: 18:12
Show
View Real Time Build Order
Export as new Build Order

elrttu Terran - Winner!

Build Orders:  

Get SALT Encoding   

  12  0:00  SCV  
  13  0:17  SCV  
  14  0:25  Supply Depot  
  14  0:34  SCV  
  15  0:55  SCV  
  15  0:56  Barracks  
  16  1:03  Refinery  
  16  1:12  SCV  
  17  1:29  SCV  
  18  1:46  SCV  
  19  2:03  Orbital Command  
  20  2:12  Reaper  
  20  2:20  Command Center  
  20  2:36  Barracks  
  20  2:41  SCV  
  21  3:01  Barracks Reactor, SCV  
  21  3:05  Supply Depot  
  22  3:12  Refinery  
  22  3:18  SCV  
  23  3:28  Factory  
  23  3:40  SCV  
  23  3:47  Barracks Tech Lab  
  23  3:48  Stimpack  
  24  3:54  Marine x2  
  24  3:58  SCV  
  27  4:15  SCV  
  27  4:18  Marine x2  
  27  4:19  Marine  
  31  4:25  Orbital Command  
  31  4:33  Supply Depot  
  31  4:43  Marine  
  31  4:44  Marine  
  31  4:47  Factory Reactor  
  33  4:51  Starport  
  33  5:00  Marine  
  33  5:04  SCV  
  33  5:05  SCV  
  36  5:14  Marine x2  
  38  5:22  Supply Depot  
  38  5:23  SCV  
  38  5:27  Marine  
  40  5:39  Marine x2  
  42  5:50  SCV x2  
  42  5:51  Factory Tech Lab  
  42  5:52  Medivac  
  42  5:57  Medivac  
  42  5:59  Marine  
  49  6:04  Marine  
  49  6:06  Marine  
  49  6:08  SCV  
  52  6:12  SCV  
  53  6:24  Marine  
  53  6:25  SCV  
  53  6:29  SCV, Marine  
  57  6:30  Supply Depot  
  57  6:36  Marine  
  58  6:41  SCV  
  58  6:46  SCV  
  58  6:49  Marine  
  61  6:54  Marine  
  62  7:00  SCV  
  62  7:01  Marine  
  62  7:05  SCV  
  62  7:09  Supply Depot  
  65  7:13  Supply Depot  
  65  7:14  Marine  
  65  7:16  Medivac x2  
  70  7:28  Command Center  
  70  7:39  Marine x3, SCV x2  
  75  7:56  SCV x2  
  75  7:59  Siege Tank  
  80  8:00  Viking  
  80  8:01  Medivac  
  80  8:04  Marine x2  
  86  8:13  Supply Depot  
  86  8:16  Supply Depot  
  86  8:19  Marine, SCV x2  
  89  8:29  Marine  
  90  8:36  Marine, SCV x2  
  93  8:44  Marine  
  93  8:48  Unknown  
  93  8:49  Barracks  
  94  8:53  SCV x2  
  94  8:54  Barracks, Marine  
  94  8:56  Barracks  
  97  9:01  Marine  
  98  9:10  SCV x2  
  98  9:12  Orbital Command  
  100  9:20  Engineering Bay  
  100  9:21  Engineering Bay  
  100  9:24  Refinery  
  100  9:26  Refinery  
  100  9:27  SCV x2  
  102  9:31  Supply Depot  
  102  9:36  Supply Depot  
  102  9:37  Marine x3  
  105  10:03  Supply Depot  
  104  10:26  SCV x3  
  104  10:27  Marine x2  
  110  10:33  Barracks Reactor  
  110  10:34  Barracks Reactor x2  
  110  10:35  Marauder  
  110  10:36  Viking, Siege Tank, Medivac  
  118  10:42  Terran Infantry Weapons Level 1  
  118  10:43  SCV  
  118  10:44  Orbital Command  
  119  11:19  Refinery  
  119  11:21  SCV x2  
  119  11:22  Marine, SCV  
  119  11:23  Marine  
  119  11:24  Siege Tank, Marauder  
  119  11:26  Marine x3, Refinery  
  119  11:27  Marine x3  
  135  11:38  SCV  
  134  11:47  Marine  
  130  12:07  SCV x3  
  130  12:08  Marine x4  
  130  12:09  Marauder, Marine x3  
  142  12:10  Siege Tank  
  142  12:11  Viking, Medivac  
  142  12:14  Terran Infantry Armor Level 1  
  142  12:19  Marine  
  143  12:35  Supply Depot  
  143  12:36  SCV  
  143  12:37  Supply Depot, SCV x2  
  146  12:51  Marauder, Marine x4  
  146  12:52  Marine x3  
  146  12:53  Marine  
  146  12:59  Armory  
  156  13:02  SCV  
  156  13:05  Viking, SCV, Medivac  
  156  13:08  Supply Depot  
  162  13:14  Missile Turret  
  162  13:19  SCV  
  163  13:25  Marine x2  
  163  13:26  Marauder, Marine x4  
  163  13:27  Marine x2  
  173  13:36  Concussive Shells  
  173  13:38  Siege Tank  
  176  13:47  Viking  
  178  13:50  Marine  
  179  14:03  Command Center  
  167  14:58  Marauder, Marine x3  
  167  14:59  Marine x4  
  176  15:00  Siege Tank, Marine  
  176  15:02  Terran Infantry Weapons Level 2, Terran Infantry Armor Level 2  
  180  15:15  Supply Depot  
  180  15:17  Supply Depot  
  180  15:23  Marine  
  181  15:32  Siege Tank  
  181  15:33  Siege Tank  
  181  15:43  Viking, Medivac, Marauder, Marine x7  
  181  15:45  Siege Tank  
  181  15:48  Marine, Supply Depot  
  198  15:50  Supply Depot  
  198  16:25  Viking  
  200  16:51  Planetary Fortress  
  198  17:08  Refinery  
  198  17:11  Refinery  
  184  17:30  Marine  
  184  17:31  Marauder, Marine x4  
  184  17:32  Marine x3  
Tags
 
Add a new tag
Caveats
  • Supply blocks, unpowered buildings, or Contaminate may cause inaccurate times.
  • Supply counts are checked every 10 seconds.